[Event "*** Titled Tuesday Blitz"]
[Site "Chess.com"]
[Date "2020.04.14"]
[Round "3"]
[White "keepitcool9499"]
[Black "zurzan"]
[Result "1-0"]
[WhiteElo "2280"]
[BlackElo "1941"]
[TimeControl "180+1"]
[EndTime "10:27:56 PDT"]
[Termination "keepitcool9499 won by resignation"]

1. d4 d6 2. c4 f5 3. Nf3 Nf6 4.
g3 g6 5. Bg2 Bg7 6. O-O O-O 7.
Nc3 c6 8. b3 Na6 9. Bb2 Qc7 10.
Rc1 e5 11. dxe5 dxe5 12. Qc2 Be6 13. Ng5 Bd7 14. Rfd1 Rad8 15. Rd2 Bc8 16. Rcd1 Rxd2 17. Qxd2 h6 18. Nf3 Nc5 19. Ba3 b6 20. Na4 e4 21. Ne1 Qe7 22. Nxc5 bxc5 23. Nc2 Nd7 24. Qd6 Qxd6 25. Rxd6 Rf6 26. Rxf6 Bxf6 27. f3 e3 28. f4 Bd4 29. Bxc6 Nf6 30. Nxd4 cxd4 31. Bc5 d3 32. exd3 e2 33. Kf2 Ng4+ 34. Kxe2 Nxh2 35. Bxa7 g5 36. Be3 g4 37. Bg1 Nf3 38. Bxf3 gxf3+ 39. Kxf3 Kf7 40. Ke3 Ke6 41. Kd4 Kd6 42. c5+ Kc6 43. b4 Ba6 44. a4 Bb7 45. b5+ Kc7 46. a5 Bc8 47. Kd5 Bd7 48. c6 Be8 49. Kc5 h5 50. d4 1-0

[Event "*** Titled Tuesday Blitz"]
[Site "Chess.com"]
[Date "2020.04.14"]
[Round "3"]
[White "GrafLermontov"]
[Black "YaWaleriy"]
[Result "0-1"]
[WhiteElo "2396"]
[BlackElo "2207"]
[TimeControl "180+1"]
[EndTime "10:27:57 PDT"]
[Termination "YaWaleriy won on time"]

1. d4 d5 2. c4 e6 3. Nc3 Be7 4. Nf3 Nf6 5. cxd5 exd5 6. Bg5 c6 7. Qc2 Nbd7 8. e3 O-O 9. Bd3 Re8 10. O-O Nf8 11. Rab1 a5 12. a3 Ng6 13. b4 axb4 14. axb4 Ne4 15. Bxe7 Qxe7 16. Bxe4 dxe4 17. Nd2 f5 18. b5 Be6 19. bxc6 bxc6 20. Na4 Qg5 21. Qxc6 Rac8 22. Qd6 Rc2 23. Rbd1 Rxd2 24. Rxd2 f4 25. Qc5 Bf5 26. Kh1 Nh4 27. Rg1 fxe3 28. fxe3 Qxe3 29.
Qc4+ Kh8 30. Qe2 Qg5 31. d5 e3 32. Rd4 Qf6 33. Rgd1 Ng6 34. d6 Rd8 35. Nc5 Qe5 36.
Nb7 Rd7 37. Rb4 Nf4 38. Qb5 e2 39. Re1 Qc3 40. Rxe2 Qc1+ 0-1

[Event "*** Titled Tuesday Blitz"]
[Site "Chess.com"]
[Date "2020.04.14"]
[Round "3"]
[White "artichaud"]
[Black "Keks2017"]
[Result "0-1"]
[WhiteElo "2212"]
[BlackElo "2476"]
[TimeControl "180+1"]
[EndTime "10:27:58 PDT"]
[Termination "Keks2017 won on time"]

1. e4 d6 2. d4 Nf6 3. Nd2 g6 4. c3 Bg7 5. Ngf3 O-O 6. Bd3 c5 7.
O-O Nc6 8. dxc5 dxc5 9. Qc2 b6 10.
Re1 Qc7 11. a4 Bb7 12. Nc4 Rad8 13. h3 Nd7 14. Bg5 Nde5 15. Ncxe5 Nxe5 16. Nxe5 Qxe5 17. f4 Qc7 18. e5 f6 19. Bh4 c4 20. Be4 Bxe4 21.
Qxe4 Rd3 22. exf6 exf6 23. f5 Qc5+ 24. Bf2 Qxf5 25. Qxf5 gxf5 26. a5 bxa5 27. Rxa5 Rd2 28. Rxa7 Rf7 29. Re8+ Bf8 30. Raa8 Kg7 31. Rac8 Rxb2 32.
Rxc4 Bd6 33. Bd4 Bg3 34. Rb4 Rxb4 35. cxb4 Rd7 0-1

[Event "*** Titled Tuesday Blitz"]
[Site "Chess.com"]
[Date "2020.04.14"]
[Round "3"]
[White "K1TTYGANG"]
[Black "Manukyan_Artak"]
[Result "0-1"]
[WhiteElo "2106"]
[BlackElo "2330"]
[TimeControl "180+1"]
[EndTime "10:27:58 PDT"]
[Termination "Manukyan_Artak won by resignation"]

1. c4 Nf6 2. Nc3 g6 3. g3 Bg7 4.
Bg2 O-O 5. e4 e5 6. Nge2 c5 7.
d3 Nc6 8. O-O d6 9. h3 Nd4 10. Rb1 h5 11. Kh2 Kh7 12. Nxd4 cxd4 13. Ne2 Rb8 14. b4 a5 15. b5 h4 16. f4 hxg3+ 17.
Nxg3 Nd7 18. f5 Nc5 19. Ba3 Qh4 20. b6 Bd7 21. Bc1 Bh6 22. Bxh6 Qxh6 23. Rf3 Kg8 24. Qe1 Ra8 25. Bf1 Ra6 26. Qf2 Na4 27. fxg6 fxg6 28. Rxf8+ Qxf8 29. Qd2 Nc3 30. Rb2 a4 31. a3 Ra8 32.
Qe2 Qf4 33. Qe1 Rf8 34. Bg2 Qe3 35. Qxe3 dxe3 36. Ne2 Rf2 37. Nxc3 Rxb2 38. Nd5 e2 0-1

[Event "*** Titled Tuesday Blitz"]
[Site "Chess.com"]
[Date "2020.04.14"]
[Round "3"]
[White "joksijoksi"]
[Black "GM-2023"]
[Result "1-0"]
[WhiteElo "2312"]
[BlackElo "2078"]
[TimeControl "180+1"]
[EndTime "10:27:58 PDT"]
[Termination "joksijoksi won on time"]

1. e4 e5 2. Nf3 Nc6 3. Nc3 Nf6 4. Bb5 Bd6 5. a3 O-O 6. d3 Ne7 7. g4 Nxg4 8. Rg1 Nf6 9. Bg5 Ng6 10. Nd5 Be7 11. Nxe7+ Qxe7 12. h4 c6 13. Bc4 d5 14.
exd5 e4 15. Qe2 exf3 16. Qxe7 Nxe7 17. Bxf6 Ng6 18. Bc3 Re8+ 19. Kd1 Re2 20. h5 Ne5 21. dxc6 Nxc4 22. dxc4 Bf5 23. c7 Rc8 24. Bxg7 Bxc2+ 25. Kc1 Bd3 26. a4 f6 27. Bxf6+ Kf7 28. Bd8 1-0

[Event "*** Titled Tuesday Blitz"]
[Site "Chess.com"]
[Date "2020.04.14"]
[Round "3"]
[White "GMMatamoros"]
[Black "eljanov"]
[Result "1-0"]
[WhiteElo "2511"]
[BlackElo "2815"]
[TimeControl "180+1"]
[EndTime "10:27:59 PDT"]
[Termination "GMMatamoros won on time"]

1. Nf3 d5 2. g3 c6 3. Bg2 Bg4 4. d4 e6 5. c4 Nd7 6. O-O Be7 7. h3 Bf5 8. Nc3 h6 9. Nd2 Ngf6 10. e4 dxe4 11.
Ndxe4 Nxe4 12. Nxe4 O-O 13. Re1 Nf6 14. Nc3 Bd6 15.
Be3 a6 16. Qb3 Rb8 17. Rad1 Qc7 18. c5 Bxg3 19. fxg3 Qxg3 20. Ne2 Qh4 21. Bf4 Rbd8 22. Qg3 Qh5 23. Bd6 Rfe8 24. Nf4 Qg5 25. Qxg5 hxg5 26. Nd3 Nd5 27. Kh2 f6 28. Kg3 Kf7 29. Rh1 Ne7 30.
Nf2 Bg6 31. Ne4 Nf5+ 32. Kf2 Nh4 33. Bc7 Nxg2 34. Nd6+ Rxd6 35. cxd6 1-0

[Event "*** Titled Tuesday Blitz"]
[Site "Chess.com"]
[Date "2020.04.14"]
[Round "3"]
[White "inegrepus"]
[Black "Ba_clbaf_osed_ingo_3v21"]
[Result "0-1"]
[WhiteElo "2299"]
[BlackElo "2576"]
[TimeControl "180+1"]
[EndTime "10:27:59 PDT"]
[Termination "Ba_clbaf_osed_ingo_3v21 won by resignation"]

1. d4 Nf6 2. c4 g6 3. g3 c6 4. Bg2 d5 5. Qa4 Bg7 6. cxd5 Nxd5 7. Nf3 O-O 8. O-O Bg4 9. Nc3 Nb6 10. Qc2 Bxf3 11.
Bxf3 Qxd4 12. Be3 Qe5 13. Bf4 Qa5 14. Rad1 Na6 15. a3 Qc5 16. Be3 Qc4 17. Bxb6 axb6 18. Rd7 Nc5 19. Rxe7 Bf6 20. Re3 Bg5 21. Re5 Bf6 22.
Re3 Bd4 23. Re7 Bxc3 24. Re3 Na4 25. bxc3 Nc5 26. Ra1 Rfe8 27. Rxe8+ Rxe8 28. a4 Ra8 29. Qb2 Nxa4 30. Qc2 b5 31. e3 Rd8 32. Be2 Qxc3 33. Qe4 Qxa1+ 34. Kg2 Qf6 35. h4 Nc3 0-1

[Event "*** Titled Tuesday Blitz"]
[Site "Chess.com"]
[Date "2020.04.14"]
[Round "3"]
[White "ChessicallyInclined"]
[Black "Gordima"]
[Result "1-0"]
[WhiteElo "2591"]
[BlackElo "2760"]
[TimeControl "180+1"]
[EndTime "10:28:00 PDT"]
[Termination "ChessicallyInclined won on time"]

1. d4 Nf6 2. c4 e6 3. Nc3 Bb4 4. e3 O-O 5. Ne2 Re8 6. a3 Bf8 7.
Ng3 d6 8. Be2 e5 9. O-O c6 10. b4 e4 11. d5 c5 12. bxc5 dxc5 13. Qc2 Bd6 14. Ncxe4 Nxe4 15. Nxe4 Bf5 16. Bd3 Bxe4 17.
Bxe4 Bxh2+ 18. Kxh2 Qh4+ 19. Kg1 Qxe4 20. Qc3 Nd7 21. f3 Qe5 22. Qb3 Qxa1 23. Bb2 Rxe3 24. Qxb7 Rb8 25. Qxb8+ Nxb8 26. Rxa1 Nd7 27. Kf2 Rb3 28. Ra2 Nb6 29. Bc1 Nxc4 30. Rc2 Ne5 31. d6 Nd7 32. Re2 g6 33. Bh6 f6 34. Re7 1-0

[Event "*** Titled Tuesday Blitz"]
[Site "Chess.com"]
[Date "2020.04.14"]
[Round "3"]
[White "Treacherous_horse64"]
[Black "Korchmar_Vasiliy"]
[Result "0-1"]
[WhiteElo "2215"]
[BlackElo "2522"]
[TimeControl "180+1"]
[EndTime "10:28:00 PDT"]
[Termination "Korchmar_Vasiliy won by resignation"]

1. d4 Nf6 2. Nf3 d5 3. e3 c5 4. dxc5 Qa5+ 5. c3 Qxc5 6. b4 Qc7 7. Bb2 Bg4 8. Nbd2 e5 9. h3 Bh5 10. g4 Bg6 11. Rc1 Nbd7 12. Qb3 a5 13. a3 Qb6 14. b5 Nc5 15. Qa2 Bd6 16. c4 O-O 17.
cxd5 Nd3+ 18. Bxd3 Bxd3 19. Nc4 Qd8 20. Nfxe5 Bxe5 21. Nxe5 Bxb5 22. a4 Ba6 23. Rd1 Re8 24. g5 Ne4 25. Rg1 Qd6 26. Qb3 Rxe5 27. Bxe5 Qxe5 28.
f3 Qh2 29. Rf1 Qg3+ 0-1

[Event "*** Titled Tuesday Blitz"]
[Site "Chess.com"]
[Date "2020.04.14"]
[Round "3"]
[White "ItalianMachine"]
[Black "827883"]
[Result "0-1"]
[WhiteElo "2279"]
[BlackElo "2040"]
[TimeControl "180+1"]
[EndTime "10:28:00 PDT"]
[Termination "827883 won on time"]

1. d4 d5 2. c4 e6 3. Nc3 c6 4. Nf3 Nf6 5. e3 Nbd7 6. Bd3 dxc4 7. Bxc4 b5 8. Bd3 a6 9. e4 c5 10. e5 cxd4 11. Nxb5 axb5 12. exf6 Nxf6 13. O-O Bc5 14. Bxb5+ Bd7 15. Bd3 O-O 16. Bg5 h6 17. Bh4 Rb8 18.
Rc1 Bd6 19. Qe2 g5 20. Bg3 Bxg3 21. hxg3 Qa5 22. a3 Bb5 23. b4 Bxd3 24. Qxd3 Qd5 25. Rc5 Qa2 26. Qxd4 Nd5 27. Qd3 Ra8 28. Ra5 Rxa5 29.
bxa5 Ra8 30. Qb5 Qxa3 0-1

[Event "*** Titled Tuesday Blitz"]
[Site "Chess.com"]
[Date "2020.04.14"]
[Round "3"]
[White "Rogue_King"]
[Black "yawnpawn"]
[Result "1-0"]
[WhiteElo "2264"]
[BlackElo "1744"]
[TimeControl "180+1"]
[EndTime "10:28:00 PDT"]
[Termination "Rogue_King won by resignation"]

1. d4 Nf6 2. c4 g6 3. Nc3 Bg7 4.
e4 d6 5. Be2 O-O 6. Nf3 Nc6 7.
O-O e5 8. d5 Ne7 9. Ne1 Ne8 10.
Be3 f5 11. f3 a6 12. c5 f4 13. Bf2 h5 14. a4 Kh7 15. Nd3 Ng8 16. a5 h4 17. h3 Qg5 18. Kh2 Bf6 19. cxd6 cxd6 20.
Na4 Bd8 21. Nb6 Rb8 22. Rc1 Nc7 23. Qe1 Rf7 24. Qb4 Qe7 25. Nxc8 Rxc8 26. Qxb7 Qd7 27. Bb6 Nf6 28. Nb4 Nh5 29. Nxa6 Qe7 30. Qxc8 Qg5 31.
Qg4 1-0

[Event "*** Titled Tuesday Blitz"]
[Site "Chess.com"]
[Date "2020.04.14"]
[Round "3"]
[White "kirillshevchenko"]
[Black "karinachess1"]
[Result "1-0"]
[WhiteElo "2861"]
[BlackElo "2489"]
[TimeControl "180+1"]
[EndTime "10:28:01 PDT"]
[Termination "kirillshevchenko won on time"]

1. e4 c5 2. Nf3 e6 3. d4 cxd4 4. Nxd4 a6 5. Bd3 Bc5 6. Nb3 Ba7 7. c4 Ne7 8. Nc3 d6 9. Qe2 e5 10. O-O O-O 11. Be3 Bxe3 12. Qxe3 Be6 13. Rfd1 Nbc6 14.
Rac1 Qb8 15. Be2 Rd8 16. Rd2 a5 17. Nb5 a4 18. Na1 Na5 19. b4 axb3 20. axb3 Nac6 21. Nc2 Ng6 22. g3 Ra2 23. Rcd1 h6 24. Qc3 Nge7 25.
Bf1 Bg4 26. f3 Be6 27. Ne3 Rxd2 28. Rxd2 g6 29. Ra2 Qc8 30. Qd2 Qd7 31. Nd5 Bxd5 32. cxd5 Nb8 33. Qb4 Nc8 34. Rc2 Na6 35. Qa5 Rf8 36.
Qd2 f5 37. Qxh6 1-0

[Event "*** Titled Tuesday Blitz"]
[Site "Chess.com"]
[Date "2020.04.14"]
[Round "3"]
[White "Darhild"]
[Black "steepedgames"]
[Result "1-0"]
[WhiteElo "2710"]
[BlackElo "2437"]
[TimeControl "180+1"]
[EndTime "10:28:02 PDT"]
[Termination "Darhild won by resignation"]

1. e4 e6 2. d4 d5 3. Nc3 Nf6 4. e5 Nfd7 5. f4 c5 6. Nf3 b6 7. Be3 Ba6 8. Bxa6 Nxa6 9. O-O g6 10.
Nb5 Nc7 11. Nxc7+ Qxc7 12. c4 cxd4 13. Nxd4 dxc4 14. Qa4 Be7 15. Rfd1 a6 16. Rac1 Bc5 17. Qxc4 b5 18. Qd3 Qa7 19. b4 Bb6 20. Kh1 O-O 21.
Nc6 Qb7 22. Qe4 Rab8 23. h3 Bxe3 24. Qxe3 Rbe8 25. Qf3 Qc8 26. Ne7+ Rxe7 27. Rxc8 Rxc8 28. Qb7 Rd8 29. Qc7 Ree8 30. Rxd7 Rxd7 31. Qxd7 Kf8 32.
Qd6+ Kg7 33. Qxa6 Rd8 34. Qxb5 Rd1+ 35. Kh2 Rd2 36. a4 1-0

[Event "*** Titled Tuesday Blitz"]
[Site "Chess.com"]
[Date "2020.04.14"]
[Round "3"]
[White "TheFireChess"]
[Black "MikaelyanArman"]
[Result "0-1"]
[WhiteElo "2482"]
[BlackElo "2820"]
[TimeControl "180+1"]
[EndTime "10:28:02 PDT"]
[Termination "MikaelyanArman won on time"]

1. e4 d5 2. exd5 Qxd5 3. c4 Qe6+ 4. Qe2 Nc6 5. Nf3 Nf6 6. d4 Qxe2+ 7. Bxe2 Bg4 8. d5 Nb4 9. Na3 e6 10. dxe6 Bxe6 11.
O-O O-O-O 12. Bf4 Bc5 13. Nb5 c6 14. Nc3 Nh5 15. Bg3 Nxg3 16. hxg3 Rhe8 17. a3 Nc2 18. Rac1 Nd4 19. Nxd4 Bxd4 20. b3 Bf5 21. Bf3 g5 22.
g4 Bg6 23. b4 Bd3 24. Rfd1 Bxc4 25. Ne4 Bb3 26. Rd3 Ba4 27. g3 h6 28. Rc4 Be5 29.
Rxd8+ Rxd8 30. Nc5 Bb5 31. Re4 f6 32. Re3 Rd2 33.
Ne4 Ra2 0-1

[Event "*** Titled Tuesday Blitz"]
[Site "Chess.com"]
[Date "2020.04.14"]
[Round "3"]
[White "Blitzking642"]
[Black "Raja3401"]
[Result "1-0"]
[WhiteElo "2399"]
[BlackElo "2660"]
[TimeControl "180+1"]
[EndTime "10:28:02 PDT"]
[Termination "Blitzking642 won by checkmate"]

1. d4 Nf6 2. c4 e6 3. Nc3 Bb4 4. Qc2 O-O 5. a3 Bxc3+ 6. Qxc3 d5 7. Nf3 dxc4 8. Qxc4 b6 9. Bf4 Ba6 10. Qxc7 Qxc7 11.
Bxc7 Nbd7 12. Bf4 Rac8 13. Nd2 Rc2 14. Rb1 Nd5 15. e4 Bxf1 16. exd5 Bxg2 17. Rg1 Bxd5 18.
Bh6 g6 19. Bxf8 Kxf8 20. Kd1 Rc6 21. Rc1 Rd6 22. Rc7 a5 23. Ke2 Bc6 24. Nc4 Bb5 25. Ke3 Rd5 26. Rc1 Ke8 27. f4 Kd8 28. Ne5 f6 29.
Nxd7 Bxd7 30. Rb7 Rb5 31. Rc2 Rb3+ 32. Kf2 Rd3 33. Rc4 Rd2+ 34. Ke3 Rxb2 35. Rcc7 Bc8 36.
Ra7 Rb3+ 37. Ke4 Ba6 38. Rxh7 Bb5 39. Ra8# 1-0

[Event "*** Titled Tuesday Blitz"]
[Site "Chess.com"]
[Date "2020.04.14"]
[Round "3"]
[White "swisspower96"]
[Black "Salem-AR"]
[Result "0-1"]
[WhiteElo "2659"]
[BlackElo "2898"]
[TimeControl "180+1"]
[EndTime "10:28:03 PDT"]
[Termination "Salem-AR won by checkmate"]

1. d4 Nf6 2. c4 g6 3. Nc3 Bg7 4. e4 O-O 5. h3 d6 6. Be3 e5 7. d5 a5 8. g4 Na6 9. Nge2 c6 10. Ng3 cxd5 11. cxd5 Bd7 12. Be2 Rc8 13.
Kf1 a4 14. a3 Nc5 15. Kg2 Nb3 16. Rb1 Ne8 17. h4 Nd4 18. h5 Bf6 19. Qd2 Nb3 20. Qe1 Bg5 21. Bd1 Qf6 22. Bxg5 Qxg5 23. Qe3 Qxe3 24. fxe3 Nd2 25. Rc1 Nc4 26. Kf2 Nxb2 27.
Be2 Nf6 28. g5 Ng4+ 29. Kf3 f6 30. Nf5 gxf5 31. exf5 Bxf5 32. e4 Bd7 33. Kg3 Ne3 34. Nb5 Bxb5 35. Bxb5 fxg5 36. Rb1 Rc3 37. Bd7 Nf1+ 38.
Kg2 Rg3# 0-1

[Event "*** Titled Tuesday Blitz"]
[Site "Chess.com"]
[Date "2020.04.14"]
[Round "3"]
[White "zivicd"]
[Black "dragos420"]
[Result "0-1"]
[WhiteElo "2242"]
[BlackElo "2505"]
[TimeControl "180+1"]
[EndTime "10:28:03 PDT"]
[Termination "dragos420 won on time"]

1. e4 e6 2. d4 d5 3. Nd2 c5 4.
exd5 Qxd5 5. Ngf3 cxd4 6. Bc4 Qd6 7. O-O Nf6 8. Nb3 Nc6 9. Nbxd4 Nxd4 10. Qxd4 Qxd4 11.
Nxd4 Bd7 12. a4 a6 13. Be2 Bc5 14. Nb3 Be7 15. Bf3 Rc8 16. Bxb7 Rxc2 17. Bxa6 O-O 18. Nd4 Rc7 19. Bb5 Ra8 20. Bf4 Rb7 21. Bxd7 Rxd7 22. Nb5 Nd5 23. Rfd1 Rb7 24. Bd2 Bf6 25. Rdb1 Nb6 26.
b3 Bxa1 27. Rxa1 Nd5 28. Rb1 f6 29. Kf1 Rb6 30. Rc1 Kf7 31. Ke2 Kg6 32. Be3 Nxe3 33. Kxe3 Kf5 34. Rc5+ e5 35. f4 Re8 36. Kf3 g5 37.
g4+ Kg6 38. fxg5 Kxg5 39. h3 Kh4 40. Kg2 h5 41. Rc7 hxg4 42. Rh7+ Kg5 43. Rg7+ Kf5 44.
Rxg4 Rc8 45. Rc4 Rxc4 46. bxc4 Ra6 47. Nc3 e4 0-1

[Event "*** Titled Tuesday Blitz"]
[Site "Chess.com"]
[Date "2020.04.14"]
[Round "3"]
[White "Kimster98"]
[Black "Frolyanov_D"]
[Result "0-1"]
[WhiteElo "2529"]
[BlackElo "2775"]
[TimeControl "180+1"]
[EndTime "10:28:04 PDT"]
[Termination "Frolyanov_D won by resignation"]

1. d4 Nf6 2. Bf4 e6 3. e3 d5 4. Nd2 c5 5. c3 Nc6 6. Bd3 Be7 7. h3 b6 8. Ngf3 Bb7 9. O-O O-O 10. Ne5 Nxe5 11.
Bxe5 Nd7 12. Bh2 f5 13. g4 Kh8 14. gxf5 exf5 15. Nf3 Nf6 16. Ne5 Ne4 17. f3 Nd6 18. Kh1 Nc4 19. Nxc4 dxc4 20. Bxc4 f4 21. e4 Qd7 22. dxc5 Qxh3 23. Rg1 Bxc5 24. Rg4 Rad8 25.
Qf1 Qxg4 26. fxg4 Bxe4+ 27. Qg2 f3 28. Qh3 f2+ 29. Qg2 Bxg2+ 30. Kxg2 Rd2 31. Rf1 Rxb2 32. Be5 a5 33. Kg3 Rd2 34. g5 Bd6 35. Bxd6 Rxd6 36. Rxf2 Rxf2 37. Kxf2 Rc6 0-1

[Event "*** Titled Tuesday Blitz"]
[Site "Chess.com"]
[Date "2020.04.14"]
[Round "3"]
[White "afgano29"]
[Black "kintoho"]
[Result "1-0"]
[WhiteElo "2708"]
[BlackElo "2426"]
[TimeControl "180+1"]
[EndTime "10:28:04 PDT"]
[Termination "afgano29 won by checkmate"]

1. d4 g6 2. c4 Bg7 3. Nf3 c5 4. d5 f5 5. g3 Na6 6. Bg2 d6 7. O-O Nc7 8. Qc2 Nf6 9. Nc3 O-O 10. b3 Bd7 11. Bb2 b5 12. cxb5 Nxb5 13. Nxb5 Bxb5 14. Ng5 Bd7 15. Rad1 Rc8 16. e4 fxe4 17. Rfe1 Qa5 18. Bc3 Qb6 19. Nxe4 Bf5 20. Nxf6+ Bxf6 21. Qb2 c4 22. b4 Rf7 23. Bxf6 exf6 24. Qc3 Kg7 25. Be4 Bg4 26. Rd4 Re7 27. Rc1 Be2 28. Rc2 Bd3 29. Bxd3 cxd3 30. Qxc8 dxc2 31. Rc4 Re2 32.
Rc7+ Kh6 33. Qf8+ Kg5 34. h4+ Kg4 35. Qxf6 Qxb4 36. Kg2 Qe4+ 37. Kh2 Qf5 38. Rc4+ Kh5 39. g4+ Qxg4 40. Rxg4 c1=Q 41. Rg5+ Kxh4 42. Rg3+ Kh5 43.
Rh3+ Kg4 44. Rh4# 1-0

[Event "*** Titled Tuesday Blitz"]
[Site "Chess.com"]
[Date "2020.04.14"]
[Round "3"]
[White "JoakimVonAnd"]
[Black "freshfoodcompany"]
[Result "1-0"]
[WhiteElo "2496"]
[BlackElo "2225"]
[TimeControl "180+1"]
[EndTime "10:28:04 PDT"]
[Termination "JoakimVonAnd won on time"]

1. d4 d5 2. c4 e6 3. Nc3 Be7 4.
cxd5 exd5 5. Bf4 c6 6. e3 Bd6 7. Bg3 Ne7 8. Bd3 Bf5 9. Nf3 Bxd3 10. Qxd3 O-O 11. O-O-O Qc7 12. Bxd6 Qxd6 13. g4 Nd7 14. h4 Qg6 15. Qe2 Qxg4 16. Rdg1 Qh5 17. Rg5 Qh6 18. Rhg1 Ng6 19. h5 f6 20. hxg6 fxg5 21. gxh7+ Kh8 22.
Nxg5 Rae8 23. f4 Nf6 24. Qf3 Qh5 25. Qg3 Qh6 26. Nd1 Nxh7 27. Rg2 Nxg5 28. Rh2 Nh7 29. Rxh6 gxh6 30. Qh3 Re7 31. Nf2 Rf6 32. Ng4 Rfe6 33. f5 Re4 34. f6 Rf7 35. Qh5 Rf8 36. f7 Re7 37. Nxh6 Nf6 38. Qg6 1-0

[Event "*** Titled Tuesday Blitz"]
[Site "Chess.com"]
[Date "2020.04.14"]
[Round "3"]
[White "Cayse"]
[Black "Shield12"]
[Result "1-0"]
[WhiteElo "2722"]
[BlackElo "2870"]
[TimeControl "180+1"]
[EndTime "10:28:05 PDT"]
[Termination "Cayse won by checkmate"]

1. d4 Nf6 2. Bf4 d5 3. e3 e6 4. Nf3 c5 5. Nbd2 Nc6 6. c3 Bd6 7.
Bg3 O-O 8. Bd3 b6 9. e4 Be7 10.
e5 Nh5 11. Ng5 Bxg5 12. Qxh5 g6 13. Qe2 cxd4 14. h4 Bh6 15. h5 Bg7 16. Nf3 dxc3 17. bxc3 Bd7 18. Kf1 Rc8 19. Qd2 Ne7 20. Bh4 h6 21.
hxg6 fxg6 22. Bxg6 Rc4 23. Nd4 b5 24. Bd3 Qe8 25.
Bxc4 dxc4 26. Bxe7 Qxe7 27. Re1 Be8 28. Rxh6 Bf7 29.
Re4 Rd8 30. Rg4 Rd5 31. Rh3 Rxe5 32. Rxg7+ Kf8 33. Rh8+ Kxg7 34. Qh6# 1-0

[Event "*** Titled Tuesday Blitz"]
[Site "Chess.com"]
[Date "2020.04.14"]
[Round "3"]
[White "rozabaku"]
[Black "Pultis"]
[Result "1-0"]
[WhiteElo "2444"]
[BlackElo "2685"]
[TimeControl "180+1"]
[EndTime "10:28:05 PDT"]
[Termination "rozabaku won by resignation"]

1. d4 Nf6 2. c4 g6 3. Nc3 d5 4.
cxd5 Nxd5 5. e4 Nxc3 6. bxc3 Bg7 7. Bc4 c5 8. Ne2 O-O 9. Be3 Nc6 10. O-O b6 11. f3 Bb7 12. dxc5 Qc7 13. cxb6 axb6 14. Bb5 Rfd8 15. Qc1 Ne5 16. Nd4 Nc4 17. Bf2 Ba6 18. a4 e5 19. Nc6 Bxb5 20. axb5 Rxa1 21. Qxa1 Rd2 22. Rd1 Qd6 23. Rxd2 Qxd2 24. Ne7+ Kf8 25. Nd5 Bh6 26. g3 Qe2 27. Qf1 Qa2 28. Qh3 Kg7 29.
Qh4 g5 30. Qg4 Qe2 31. Qf5 Kf8 32. Qf6 Nd2 33. Qxh6+ Ke8 34. Qc6+ Kf8 35. Qd6+ Kg8 36. Qd8+ Kg7 37. Qxg5+ Kf8 38. Qe7+ Kg8 39. Nf6+ Kg7 40. Nh5+ Kg6 41. Qf6+ 1-0

[Event "*** Titled Tuesday Blitz"]
[Site "Chess.com"]
[Date "2020.04.14"]
[Round "3"]
[White "LastHeroJr"]
[Black "ahappypawn"]
[Result "0-1"]
[WhiteElo "2528"]
[BlackElo "2327"]
[TimeControl "180+1"]
[EndTime "10:28:05 PDT"]
[Termination "ahappypawn won on time"]

1. e4 g6 2. d4 Bg7 3. Nc3 d6 4. Be3 a6 5. h4 h5 6. Nh3 b5 7.
Ng5 Nd7 8. Qf3 Nh6 9. e5 Rb8 10.
e6 Nf6 11. Bd3 Bxe6 12. Nxe6 fxe6 13. Bxg6+ Kd7 14. O-O-O c6 15. Bg5 Nhg4 16. Rhe1 Qg8 17. Bd3 Bh6 18. Bxh6 Rxh6 19. Qg3 b4 20. Ne2 Nd5 21.
Bxa6 Ra8 22. Bc4 Rf6 23. Rf1 Qf7 24. Qb3 Nxf2 25. Rde1 Nd3+ 26. Qxd3 Rxf1 27. Kb1 Rxe1+ 0-1

[Event "*** Titled Tuesday Blitz"]
[Site "Chess.com"]
[Date "2020.04.14"]
[Round "3"]
[White "SahajGrover"]
[Black "serhanberat_ozdemir"]
[Result "1-0"]
[WhiteElo "2703"]
[BlackElo "2434"]
[TimeControl "180+1"]
[EndTime "10:28:06 PDT"]
[Termination "SahajGrover won on time"]

1. e4 c5 2. Nf3 e6 3. d4 cxd4 4. Nxd4 a6 5. Nc3 b5 6. Bd3 Qb6 7. Nf3 Qc7 8. O-O Bb7 9. Re1 Be7 10. Be3 Nc6 11. Qe2 Nf6 12. Nd4 b4 13. Na4 Ne5 14. f3 h5 15. h3 h4 16. f4 Nxd3 17. cxd3 Nh5 18. Rac1 Qb8 19. Qg4 Nf6 20. Qxg7 Rg8 21.
Qh6 Rg6 22. Qxh4 Rg8 23. Qf2 Qd8 24. Nb3 Nh5 25. Bb6 Qb8 26. Bc7 Qc8 27. Nb6 1-0

[Event "*** Titled Tuesday Blitz"]
[Site "Chess.com"]
[Date "2020.04.14"]
[Round "3"]
[White "almatyonelove"]
[Black "aakankshachess"]
[Result "0-1"]
[WhiteElo "2686"]
[BlackElo "2446"]
[TimeControl "180+1"]
[EndTime "10:28:07 PDT"]
[Termination "aakankshachess won on time"]

1. d4 Nf6 2. c4 c5 3. d5 e6 4. Nc3 exd5 5. cxd5 d6 6. e4 g6 7. Bd3 Bg7 8. Nge2 O-O 9. O-O a6 10.
a4 Ng4 11. h3 Ne5 12. Bc2 g5 13. Ng3 Ng6 14. Qh5 h6 15. Nf5 Bxf5 16. exf5 Nf4 17. Bxf4 gxf4 18. Ne4 Nd7 19. Qg4 Nf6 20. Qxf4 Nxd5 21. Qxd6 Qxd6 22. Nxd6 Bxb2 23. Rab1 Bd4 24. Rxb7 Rad8 25. Ne4 Rfe8 26. Kh2 Be5+ 27. g3 Bd4 28.
Kg2 Nb4 29. Bb1 Nd5 30. Kf3 Nf6 31. Rd1 Nxe4 32. Bxe4 a5 33. h4 c4 34. Rc7 c3 35. Bc6 Rf8 36. Bb5 Be5 37. Rxd8 Rxd8 38. Rc5 f6 39. Bc4+ Kf8 40. Be6 Ke7 41. Rxa5 c2 42.
Rc5 Rd3+ 43. Ke2 Rc3 0-1

[Event "*** Titled Tuesday Blitz"]
[Site "Chess.com"]
[Date "2020.04.14"]
[Round "3"]
[White "talaicito"]
[Black "DucksParadise"]
[Result "0-1"]
[WhiteElo "2306"]
[BlackElo "2111"]
[TimeControl "180+1"]
[EndTime "10:28:07 PDT"]
[Termination "DucksParadise won by resignation"]

1. d4 Nf6 2. Nc3 d5 3. Bf4 a6 4. e3 c5 5. Nf3 e6 6. a3 Nc6 7.
dxc5 Bxc5 8. Bd3 O-O 9. O-O Bd6 10. Bxd6 Qxd6 11. e4 Rd8 12. exd5 Nxd5 13. Ne4 Qe7 14. g3 f5 15. Ned2 e5 16. Re1 e4 17. Bc4 Be6 18. Qe2 Rd6 19. Bxd5 Bxd5 20. Nb3 Qf6 21.
Nfd2 Rad8 22. c3 Ne5 23. Nd4 b5 24. Nf1 Bc4 25. Qc2 Qh6 26. Ne3 Rxd4 27. cxd4 Nf3+ 0-1

[Event "*** Titled Tuesday Blitz"]
[Site "Chess.com"]
[Date "2020.04.14"]
[Round "3"]
[White "ValeriyGrinev"]
[Black "GMSrinath"]
[Result "1-0"]
[WhiteElo "2607"]
[BlackElo "2784"]
[TimeControl "180+1"]
[EndTime "10:28:08 PDT"]
[Termination "ValeriyGrinev won by resignation"]

1. d4 Nf6 2. c4 e6 3. Nc3 Bb4 4. e3 O-O 5. Bd2 c5 6. a3 Bxc3 7. Bxc3 Ne4 8. Rc1 Nxc3 9. Rxc3 b6 10. Be2 Bb7 11. Bf3 Qc8 12. d5 exd5 13. Bxd5 Bxd5 14. Qxd5 Nc6 15. Nf3 Qc7 16. O-O d6 17. Rd1 Rad8 18.
Rcd3 h6 19. Qf5 Rfe8 20. h3 Re6 21. b3 Rde8 22. Qf4 Rf6 23. Qg3 Ree6 24. Rd5 a6 25. Nd2 Qe7 26. Nb1 Rg6 27. Qh2 Ne5 28. Kh1 Ref6 29.
f4 Nc6 30. R5d3 Qe8 31. Nc3 Ne7 32. e4 Nc6 33. f5 Rg5 34. Nd5 Nd4 35. Rxd4 cxd4 36. Nxf6+ gxf6 37. Rxd4 Qe5 38. Qxe5 dxe5 39. Rd3 Rg3 40. Rxg3+ 1-0

[Event "*** Titled Tuesday Blitz"]
[Site "Chess.com"]
[Date "2020.04.14"]
[Round "3"]
[White "profofchess"]
[Black "Algeriano22"]
[Result "0-1"]
[WhiteElo "2399"]
[BlackElo "2626"]
[TimeControl "180+1"]
[EndTime "10:28:08 PDT"]
[Termination "Algeriano22 won by resignation"]

1. e4 e5 2. Nf3 Nc6 3. Nc3 Nf6 4.
Bb5 Bd6 5. d3 h6 6. a3 O-O 7. g4 Bc5 8. Rg1 d6 9. g5 Ng4 10. Rg2 f5 11. exf5 Bxf5 12. gxh6 Nxf2 13. Bc4+ Kh7 14. Rxg7+ Kh8 15. Qe2 Bg4 16. Ng5 Qxg5 17. Bxg5 Bxe2 18. Nxe2 Nh3 19. Bd2 Bf2+ 20. Kd1 Bh4 21.
Ra2 Rf1+ 22. Be1 Bxe1 23. c3 Bh4+ 24. Kc2 Rf2 25. Kd2 Bg5+ 26. Ke1 Raf8 27. Ng3 Bxh6 28. Rg6 Kh7 29. b4 Kxg6 30. Rxf2 Nxf2 0-1